 Dungeon Crawl Stone Soup version 0.29-a0-284-gf9362112df (webtiles) character file.

Game seed: 6517063793140069361

23633 mistaj the Brawler (level 12, -2/130 HPs)
             Began as a Troll Monk on Mar 22, 2022.
             Was a High Priest of Makhleb.
             Slain by an eight-headed hydra (9 damage)
             ... on level 3 of the Lair of Beasts.
             The game lasted 00:29:37 (13020 turns).

mistaj the Brawler (Troll Monk)                    Turns: 13020, Time: 00:29:38

Health: -2/130     AC:  8    Str: 24    XL:     12   Next: 73%
Magic:  11/11      EV: 10    Int: 10    God:    Makhleb [*****.]
Gold:   983        SH:  0    Dex: 12    Spells: 11/11 levels left

rFire   . . .      SeeInvis .   A - +5 scimitar (flame)
rCold   . . .      Faith    +   (no shield)
rNeg    . . .      Spirit   .   D - +0 troll leather armour
rPois   .          Reflect  .   q - +1 hat
rElec   .          Harm     .   h - +2 cloak {Will+}
rCorr   .          Rampage  .   (gloves unavailable)
Will    ++...                   (boots unavailable)
Stlth   +.........              s - amulet "Uredeos" {Faith rF- Regen+ Str+2}
HPRegen 2.71/turn               c - ring of protection from fire
MPRegen 0.12/turn               d - ring of willpower

@: no status effects
A: large, unfitting armour, claws 3, regeneration 1, shaggy fur 1, tough skin 1,
deformed body
a: Renounce Religion, Minor Destruction, Lesser Servant of Makhleb, Major
Destruction, Greater Servant of Makhleb


You were on level 3 of the Lair of Beasts.
You worshipped Makhleb.
Makhleb was extremely pleased with you.
You visited 3 branches of the dungeon, and saw 15 of its levels.
You also visited: Bailey.

You collected 983 gold pieces.

Inventory:

Hand Weapons
 A - a +5 scimitar of flaming (weapon)
Armour
 b - +0 steam dragon scales
 h - a +2 cloak of willpower (worn)
 q - a +1 hat (worn)
 x - +0 acid dragon scales
 D - a +0 troll leather armour (worn)
Jewellery
 c - a ring of protection from fire (left claw)
 d - a ring of willpower (right claw)
 g - the ring "Xareshrue" {rPois rC- rN+++ rCorr Str-3 SInv}
   (You acquired it on level 1 of the Lair of Beasts)

   [ring of resist corrosion]

   Str:       It affects your strength (-3).
   rC:        It makes you vulnerable to cold.
   rPois:     It protects you from poison.
   rN:        It renders you almost immune to negative energy.
   SInv:      It lets you see invisible.
   rCorr:     It protects you from acid and corrosion.
 l - a ring of flight
 o - a ring of see invisible
 s - the amulet "Uredeos" (around neck) {Faith rF- Regen+ Str+2}
   (You took it off an orc priest on level 9 of the Dungeon)

   [amulet of faith]

   It allows you to gain divine favour quickly.
   Str:       It affects your strength (+2).
   rF:        It makes you vulnerable to fire.
   Regen:     It increases your rate of health regeneration.
 y - a ring of ice
Wands
 r - a wand of charming (6)
 u - a wand of flame (13)
 v - a wand of iceblast (8)
 z - a wand of polymorph (8)
Scrolls
 i - a scroll of fog
 j - 7 scrolls of teleportation
 p - a scroll of fear
 t - a scroll of enchant weapon
 F - 2 scrolls of identify
 G - a scroll of amnesia {unknown}
Potions
 a - 2 potions of heal wounds
 e - a potion of flight
 f - 2 potions of haste
 k - 4 potions of mutation
 m - 6 potions of brilliance
 n - 4 potions of curing {unknown}
 w - a potion of berserk rage {unknown}
 B - a potion of lignification {unknown}
 C - 4 potions of might
 E - a potion of experience {unknown}


   Skills:
 + Level 11.0 Fighting
 + Level 3.3 Armour
 - Level 2.4 Dodging
 - Level 1.0 Stealth
 + Level 17.1 Unarmed Combat


You had 11 spell levels left.
You didn't know any spells.
Your spell library contained the following spells:

 Spells                   Type           Power      Damage    Failure   Level
 Slow                     Hex            0%         N/A       38%         1
 Summon Small Mammal      Summ           0%         N/A       38%         1
 Blink                    Tloc           0%         N/A       54%         2
 Call Canine Familiar     Summ           0%         N/A       77%         3
 Confusing Touch          Hex            0%         N/A       77%         3
 Gell's Gravitas          Tloc           0%         N/A       77%         3
 Lesser Beckoning         Tloc           0%         N/A       77%         3
 Summon Guardian Golem    Hex/Summ       0%         N/A       77%         3
 Teleport Other           Tloc           0%         N/A       77%         3
 Tukima's Dance           Hex            0%         N/A       77%         3
 Vampiric Draining        Necr           0%         2d6       77%         3
 Anguish                  Hex/Necr       0%         N/A       99%         4
 Leda's Liquefaction      Hex/Erth       0%         N/A       99%         4
 Lee's Rapid Deconstruct  Erth           0%         3d5*      100%        5
 Manifold Assault         Tloc           0%         N/A       100%        5
 Dispersal                Tloc           0%         N/A       100%        6
 Statue Form              Tmut/Erth      0%         N/A       100%        6
 Enfeeble                 Hex            0%         N/A       100%        7
 Orb of Destruction       Conj           0%         9d5       100%        7
 Spellforged Servitor     Conj/Summ      0%         N/A       100%        7


Dungeon Overview and Level Annotations

Branches:
Dungeon (11/15)            Temple (0/1) D:5            Lair (3/6) D:11
 Spider (0/4) Lair:2          Orc (1/2) D:9          Bailey (visited)
  Swamp: Lair:2-4    Shoals: Lair:2-4

Altars:
Ashenzari
Dithmenos
Gozag
Kikubaaqudgha
Makhleb
Nemelex Xobeh
Okawaru
Ru
Uskayaw
Vehumet
Wu Jian
Yredelemnul

Shops:
D:4 !   D:8 *

Annotations:
D:10 3 runed translucent doors, bande's ghost, novice GrFi
D:11 exclusion: obsidian statue


Innate Abilities, Weirdness & Mutations

You are too large for most types of armour.
You have claws for hands.
Your natural rate of healing is unusually fast.
You are covered in fur. (AC +1)
You have tough skin. (AC +1)
Armour fits poorly on your strangely shaped body.


Message History

No target in view!
A cane toad comes into view.
A seven-headed hydra comes into view.
The seven-headed hydra roars!
The cane toad gives a loud, deep croak!
You claw the cane toad! You claw the cane toad!!
The cane toad is almost dead.
The cane toad barely misses you.
You closely miss the cane toad. You claw the cane toad.
You kill the cane toad!
Makhleb accepts your kill.
Your Fighting skill increases to level 11!
A swamp worm comes into view.
Found 16 gold pieces.
You claw one of the seven-headed hydra's heads off!
The six-headed hydra grows two more!
You scratch the eight-headed hydra.
The eight-headed hydra is lightly wounded.
The eight-headed hydra barely misses you.
The eight-headed hydra bites you. The eight-headed hydra bites you!
The eight-headed hydra bites you but does no damage.
The eight-headed hydra bites you!
The eight-headed hydra bites you but does no damage.
The eight-headed hydra bites you. The eight-headed hydra bites you!
Your +5 scimitar of flaming bursts into flame!
A - a +5 scimitar of flaming (weapon)
Unknown command.
You barely miss the eight-headed hydra.
The eight-headed hydra is lightly wounded.
The eight-headed hydra bites you! x2; The eight-headed hydra bites you.
The eight-headed hydra barely misses you.
The eight-headed hydra bites you! x3; The eight-headed hydra bites you.
The swamp worm bites you!
* * * LOW HITPOINT WARNING * * *
The eight-headed hydra bites you!
* * * LOW HITPOINT WARNING * * *
The eight-headed hydra bites you!
* * * LOW HITPOINT WARNING * * *
The eight-headed hydra bites you!
* * * LOW HITPOINT WARNING * * *
The eight-headed hydra bites you!
You die...

♣♣♣ ♣♣.. ♣ ♣♣§.. ..
♣§§§♣♣... ♣♣§§§≈≈.§♣
♣§≈§≈≈§§§§
♣.Dw≈≈≈§§§ ♣.@♣♣
♣♣§§♣ ♣§§♣♣♣♣
♣§§...♣♣ ♣♣♣♣...♣♣
....... ♣♣≈≈≈≈...♣
.......♣♣≈≈≈≈≈≈≈♣♣
........♣≈≈≈≈≈≈≈≈♣♣
#........♣≈≈≈≈≈≈...♣


You could see an eight-headed hydra and a swamp worm.

Vanquished Creatures
  A hydra (Lair:3)
  A boulder beetle (D:11)
  Erica (Lair:2)
  A centaur warrior (D:11)
  A two-headed ogre (D:11)
  Urug (Lair:2)
  A lindwurm (Lair:3)
  An orc sorcerer (Orc:1)
  3 ugly things (D:11)
  Pikel (D:5)
  A manticore (D:11)
  3 black mambas
  5 cane toads
  6 komodo dragons
  A rime drake (Lair:2)
  A meliai (Lair:1)
  A troll (D:11)
  Prince Ribbit (D:7)
  3 blink frogs (Lair:1)
  Grinder (D:4)
  4 wyverns
  21 yaks
  A steam dragon (D:7)
  3 basilisks
  2 swamp worms (Lair:3)
  3 acid dragons
  6 water moccasins
  7 orc warriors
  2 black bears
  3 ice beasts
  3 sky beasts (D:7)
  2 wolves (D:11)
  3 ogres
  7 centaurs
  3 lemures
  2 kobold brigands
  10 bullfrogs
  2 gnoll sergeants
  A necrophage (D:5)
  2 scorpions
  18 wights
  10 killer bees
  2 howler monkeys (D:5)
  3 electric eels
  A crimson imp (D:4)
  12 hounds
  2 jellies
  6 orc priests
  Jessica (D:2)
  3 iguanas
  9 orc wizards
  5 hell rats (Lair:1)
  18 gnolls
  8 adders
  A shadow imp (D:5)
  A white imp (D:8)
  3 ufetubi
  A worm (D:2)
  2 dart slugs
  31 orcs
  6 ball pythons
  4 endoplasms
  4 giant cockroaches
  14 hobgoblins
  4 jackals
  4 quokkas
  5 bats
  4 frilled lizards
  19 goblins
  11 kobolds
  3 rats (D:2)
  A butterfly (D:5)
338 creatures vanquished.

Vanquished Creatures (others)
  8 fungi
  18 plants
26 creatures vanquished.

Grand Total: 364 creatures vanquished

Notes
Turn   | Place    | Note
-------+----------+-------------------------------------------
     0 | D:1      | mistaj the Troll Monk began the quest for the Orb.
     0 | D:1      | Reached XP level 1. HP: 22/22 MP: 0/0
   721 | D:1      | Reached XP level 2. HP: 29/29 MP: 1/1
   887 | D:2      | Reached XP level 3. HP: 33/36 MP: 2/2
   946 | D:2      | Noticed Jessica
   947 | D:2      | Reached skill level 4 in Unarmed Combat
   970 | D:2      | Killed Jessica
  1154 | D:2      | Reached XP level 4. HP: 43/45 MP: 3/3
  1438 | D:3      | Found an opulent altar of Gozag.
  1768 | D:3      | Reached skill level 5 in Unarmed Combat
  1916 | D:3      | Reached XP level 5. HP: 53/53 MP: 4/4
  2031 | D:4      | Noticed a black bear
  2398 | D:4      | Noticed an ogre
  2424 | D:4      | Noticed Grinder
  2435 | D:4      | Killed Grinder
  2436 | D:4      | Reached skill level 6 in Unarmed Combat
  2436 | D:4      | Reached XP level 6. HP: 36/62 MP: 5/5
  2617 | D:4      | Found Amunen's Distillery.
  2657 | D:4      | Found an ornate altar of the Wu Jian Council.
  2932 | D:4      | Found a radiant altar of Vehumet.
  2933 | D:4      | Found a burning altar of Makhleb.
  2942 | D:4      | Became a worshipper of Makhleb the Destroyer
  2942 | D:4      | Reached * piety under Makhleb
  2942 | D:4      | Reached ** piety under Makhleb
  2966 | D:4      | Reached skill level 7 in Unarmed Combat
  2966 | D:4      | Reached XP level 7. HP: 71/71 MP: 6/6
  3058 | D:5      | Entered Level 5 of the Dungeon
  3377 | D:5      | Reached *** piety under Makhleb
  3452 | D:5      | Noticed Pikel
  3701 | D:5      | Reached skill level 5 in Fighting
  3701 | D:5      | Reached skill level 8 in Unarmed Combat
  3709 | D:5      | Reached XP level 8. HP: 42/80 MP: 7/7
  3849 | D:5      | Killed Pikel
  3850 | D:5      | Reached skill level 9 in Unarmed Combat
  3976 | D:5      | Found a staircase to the Ecumenical Temple.
  5035 | D:6      | Reached skill level 10 in Unarmed Combat
  5235 | D:6      | Reached XP level 9. HP: 86/89 MP: 8/8
  5409 | D:6      | Reached **** piety under Makhleb
  6174 | D:7      | Reached skill level 11 in Unarmed Combat
  6174 | D:7      | Found a basalt altar of Yredelemnul.
  6207 | D:7      | Found a flagged portal.
  6250 | Bailey   | Entered a bailey
  6718 | Bailey   | Found a large runed translucent door.
  6718 | Bailey   | Found a large runed translucent door.
  6719 | Bailey   | Noticed a deep elf pyromancer
  6736 | Bailey   | Noticed an orc knight
  7183 | D:7      | Noticed Prince Ribbit
  7207 | D:7      | Killed Prince Ribbit
  7208 | D:7      | Reached skill level 12 in Unarmed Combat
  7310 | D:7      | Reached XP level 10. HP: 102/102 MP: 9/9
  7541 | D:8      | Found Wugoiqap's Elemental Accessories.
  7560 | D:8      | Reached ***** piety under Makhleb
  7674 | D:8      | Found an iron altar of Okawaru.
  7687 | D:8      | Found a shadowy altar of Dithmenos.
  7889 | D:8      | You fall into a shaft and drop 3 floors!
  7889 | D:11     | Noticed a boulder beetle
  7906 | D:11     | Killed a boulder beetle
  7932 | D:10     | Entered Level 10 of the Dungeon
  7932 | D:10     | Noticed a centaur warrior
  7937 | D:11     | Reached skill level 13 in Unarmed Combat
  8014 | D:11     | Killed a centaur warrior
  8296 | D:10     | Found a runed translucent gate.
  8296 | D:10     | Noticed a manticore
  8445 | D:8      | Found an ancient bone altar of Kikubaaqudgha.
  8650 | D:9      | Reached skill level 14 in Unarmed Combat
  8698 | D:9      | Found a broken altar of Ashenzari.
  8753 | D:9      | Found a sacrificial altar of Ru.
  8765 | D:9      | Reached XP level 11. HP: 109/111 MP: 10/10
  8902 | D:9      | Identified the amulet "Uredeos" {Faith rF- Regen+ Str+2}
  9032 | D:9      | Found a staircase to the Orcish Mines.
  9509 | Orc:1    | Entered Level 1 of the Orcish Mines
  9537 | Orc:1    | Noticed an orc sorcerer
  9559 | Orc:1    | Noticed a sun demon
  9559 | Orc:1    | Killed an orc sorcerer
  9653 | D:10     | Found a sparkling altar of Nemelex Xobeh.
  9713 | D:10     | Noticed a wolf spider
  9718 | D:10     | Found a runed translucent gate.
  9718 | D:10     | Found a runed translucent gate.
  9718 | D:10     | Noticed bande's ghost (novice GrFi)
  9762 | D:10     | Noticed a +0 dagger
  9763 | D:10     | Noticed a +0 dagger
  9766 | D:10     | Found a hide-covered altar of Uskayaw.
 10146 | D:11     | Noticed a purple ugly thing
 10152 | D:11     | Killed a purple ugly thing
 10302 | D:11     | Noticed an obsidian statue
 10335 | D:11     | Noticed a two-headed ogre
 10348 | D:11     | Killed a two-headed ogre
 10407 | D:11     | Gained mutation: Armour fits poorly on your strangely
                  | shaped body. [a neqoxec]
 10454 | D:11     | Reached skill level 15 in Unarmed Combat
 10609 | D:11     | Noticed a white ugly thing
 10629 | D:11     | Killed a white ugly thing
 10870 | D:11     | Found a staircase to the Lair.
 11075 | D:11     | Noticed a white ugly thing
 11081 | D:11     | Killed a white ugly thing
 11286 | Lair:1   | Entered Level 1 of the Lair of Beasts
 11979 | Lair:1   | Identified a scroll of acquirement
 11979 | Lair:1   | Acquired the ring "Xareshrue" {rPois rC- rN+++ rCorr Str-3
                  | SInv}
 11990 | Lair:2   | Found a hole to the Spider Nest.
 12032 | Lair:1   | Reached skill level 16 in Unarmed Combat
 12040 | Lair:1   | Reached skill level 10 in Fighting
 12063 | Lair:2   | Reached XP level 12. HP: 106/126 MP: 11/11
 12166 | Lair:2   | Noticed Urug
 12174 | Lair:2   | Killed Urug
 12180 | Lair:2   | Noticed Erica
 12192 | Lair:2   | Killed Erica
 12473 | Lair:2   | Reached skill level 1 in Armour
 12950 | Lair:3   | Reached skill level 17 in Unarmed Combat
 12987 | Lair:3   | Noticed a four-headed hydra
 12991 | Lair:3   | Killed a four-headed hydra
 13014 | Lair:3   | Noticed a seven-headed hydra
 13020 | Lair:3   | Slain by an eight-headed hydra

Illustrated notes

Levels and vault maps discovered:
D:1:      psy_arrival_dodecagon, layout_basic, lemuel_another_geyser
D:2:      layout_rooms, amethyst_killhole, uniq_jessica
D:3:      layout_rooms, nicolae_gozag_seed_capital
D:4:      layout_basic, grunt_temple_overflow_lords_of_destruction,
          mainiacjoe_overflow_24_doors, serial_shops, shop, uniq_grinder
D:5:      corexii_shantytown, layout_loops_ring,
          minmay_temple_entry_butterflies, uniq_pikel
D:6:      layout_basic
D:7:      layout_basic, lemuel_tele_altar, serial_corexii_hall,
          corexii_hall_statues_l, chequers_hall_statues_y, enter_bailey_5,
          uniq_prince_ribbit1
D:8:      layout_rooms, overflow_temple_1_default,
          chequers_temple_overflow_statue_of_worship, minmay_misc_feat_enclosed,
          minmay_misc_feat_x, corexii_checkpoint_b, nicolae_elemental_shop
D:9:      layout_loops_cross, nicolae_ashenzari_panopticon,
          mainiacjoe_overflow_tiny_flanked, david_orc_2
D:10:     layout_rooms, nemelex_diamond_rough_becter, dancing_weapons_uskayaw,
          gammafunk_ghost_split
D:11:     layout_loops_ring, erik_lair_island, minmay_statue_bubble
Lair:1:   layout_roguey, wad_woods_river_01
Lair:2:   layout_long_grid, hellmonk_spider_entry_not_the_bees, uniq_urug,
          uniq_erica
Lair:3:   layout_cave_pods, palyth_hydra_swamp_entry, basic_altar,
          beast_lair_carwin_6, lemuel_fruit_tree, uniq_fannar, uniq_sonja
Orc:1:    layout_caves

Skill      XL: |  1  2  3  4  5  6  7  8  9 10 11 12 |
---------------+-------------------------------------+-----
Unarmed Combat | 4 5 6 7 8 10 12 14 16 17 | 17.1
Fighting       | 3 4 5 6 7 8 10 11 | 11.0
Armour         | 3 |  3.3
Dodging        | |  2.4
Stealth        | |  1.0

Action                   |  1- 3 |  4- 6 |  7- 9 | 10-12 || total
-------------------------+-------+-------+-------+-------++-------
Melee: Unarmed           |    68 |   110 |   309 |   496 ||   983
       Punch             |       |     2 |    17 |    47 ||    66
       Scimitar          |       |       |       |     2 ||     2
  Use: Scroll            |       |       |    16 |     6 ||    22
 Stab: Sleeping          |     1 |     6 |    10 |     2 ||    19
       Distracted        |       |       |       |     1 ||     1
Armor: Robe              |    32 |    25 |    29 |       ||    86
       Steam dragon scal |       |       |    48 |    61 ||   109
       Acid dragon scale |       |       |       |    85 ||    85
       Troll leather arm |       |       |       |    42 ||    42
Dodge: Dodged            |    39 |    46 |   216 |   235 ||   536

Table legend: (Time is in decaauts)
 A = Elapsed time spent in this place.
 B = Non-inter-level travel time spent in this place.
 C = Inter-level travel time spent in this place.
 D = Time resting spent in this place.
 E = Time spent auto-exploring this place.
 F = Levels seen in this place.
 G = Mean time per level.
                   A        B        C        D        E       F      G
               +--------+--------+--------+--------+--------+-----+--------+
         Total |  12851 |  12491 |    360 |   2743 |   6429 |  16 |  803.2 |
       Dungeon |  10477 |  10131 |    346 |   2135 |   5509 |  11 |  952.5 |
          Lair |   1680 |   1666 |     14 |    246 |    919 |   3 |  560.0 |
  Orcish Mines |     93 |     93 |      0 |      5 |      0 |   1 |   93.0 |
        Bailey |    599 |    599 |      0 |    356 |      0 |   1 |  599.0 |
               +--------+--------+--------+--------+--------+-----+--------+

Top non-repeatable levels by time:
     D:5: 1842 daAuts
    D:11: 1324 daAuts
     D:4: 1087 daAuts
     D:6: 1023 daAuts
     D:9: 911 daAuts
     D:7: 859 daAuts
     D:1: 828 daAuts
  Lair:2: 808 daAuts
    D:10: 760 daAuts
  Lair:1: 750 daAuts
     D:3: 640 daAuts
     D:8: 634 daAuts
  Bailey: 599 daAuts
     D:2: 563 daAuts
  Lair:3: 122 daAuts
